 Dungeon Crawl Stone Soup version 0.27-a0-1245-g940ed4fa31 (webtiles) character file.

Game seed: 16679696369752062134

137 porpoise the Skirmisher (level 5, -3/44 HPs)
             Began as a Formicid Abyssal Knight on June 9, 2021.
             Was a Believer of Lugonu.
             Slain by a river rat (5 damage)
             ... in a sewer.
             The game lasted 00:07:45 (3360 turns).

porpoise the Skirmisher (Formicid Abyssal Knight)   Turns: 3360, Time: 00:07:45

Health: -3/44      AC:  7    Str: 18    XL:     5   Next: 44%
Magic:  6/6        EV: 10    Int: 11    God:    Lugonu [**....]
Gold:   91         SH:  0    Dex: 10    Spells: 4/4 levels left

rFire    + . .     SeeInvis +   a - +1 spear
rCold    . . .     Faith    .   (no shield)
rNeg     . . .     Spirit   .   t - +1 ring mail {rF+}
rPois    .         Reflect  .   (helmet unavailable)
rElec    .         Harm     .   (no cloak)
rCorr    .         Rampage  .   r - +0 pair of gloves
Will     .....                  (no boots)
Stlth    ..........             (no amulet)
HPRegen  0.14/turn              (no ring)
MPRegen  0.10/turn              (no ring)

@: no status effects
A: permanent stasis, dig shafts and tunnels, antennae 3, four strong arms
a: Dig, Renounce Religion, Depart the Abyss, Bend Space


You were in a sewer.
You worshipped Lugonu.
Lugonu was pleased with you.
You visited 1 branch of the dungeon, and saw 4 of its levels.
You visited the Abyss 1 time.
You also visited: Sewer.

You collected 91 gold pieces.

Inventory:

Hand Weapons
 a - a +1 spear (weapon)
Missiles
 b - 52 arrows
 j - 3 boomerangs (quivered)
 l - 43 stones
 p - 44 bolts
 u - 16 sling bullets
Armour
 r - a +0 pair of gloves (worn)
 t - a +1 ring mail of fire resistance (worn)
Scrolls
 g - a scroll of fear
 i - a scroll of magic mapping
 o - a scroll of fog
 q - a scroll of summoning {unknown}
 s - a scroll of enchant armour {unknown}
 x - a scroll of silence {unknown}
Potions
 c - 2 potions of might
 e - a potion of heal wounds
 f - a potion of brilliance
 k - a potion of resistance {unknown}
 m - a potion of curing {unknown}
 n - a potion of haste {unknown}
 w - a potion of flight {unknown}


   Skills:
 - Level 5.0 Fighting
 + Level 4.0 Polearms
 + Level 2.1 Armour
 - Level 0.8 Dodging
 - Level 2.1 Invocations


You had 4 spell levels left.
You didn't know any spells.
Your spell library contained the following spells:

 Spells                   Type           Power      Damage    Failure   Level
 Magic Dart               Conj           0%         1d3       52%         1
 Call Imp                 Summ           0%         N/A       67%         2
 Slow                     Hex            0%         N/A       67%         2
 Conjure Flame            Conj/Fire      0%         6-21      88%         3
 Mephitic Cloud           Conj/Pois/Air  0%         N/A       88%         3
 Blink                    Tloc           Unusable   N/A       N/A         2

Dungeon Overview and Level Annotations

Branches:
Dungeon (4/15)             Temple (0/1) D:4           Sewer (1/1)

Altars:


Innate Abilities, Weirdness & Mutations

You cannot be hasted, slowed, berserked, paralysed or teleported.
You can dig through walls and to a lower floor.
You have a pair of large antennae on your head. (SInv)
Your four strong arms can wield two-handed weapons with a shield.


Message History

You closely miss the kobold brigand.
The kobold brigand is lightly wounded.
The river rat closely misses you.
The kobold brigand hits you with a +0 short sword.
You closely miss the kobold brigand.
The kobold brigand is lightly wounded.
The river rat closely misses you.
The kobold brigand splashes around in the water.
You closely miss the kobold brigand.
The kobold brigand is lightly wounded.
The river rat closely misses you. The kobold brigand barely misses you.
You hit the kobold brigand.
The kobold brigand is moderately wounded.
The river rat bites you but does no damage.
The kobold brigand hits you with a +0 short sword.
You hit the kobold brigand but do no damage.
The kobold brigand is moderately wounded.
The river rat bites you.
* * * LOW HITPOINT WARNING * * *
The kobold brigand splashes around in the water.
You hit the kobold brigand.
The kobold brigand is heavily wounded.
The river rat completely misses you.
You barely miss the kobold brigand.
The kobold brigand is heavily wounded.
The kobold brigand hits you with a +0 short sword.
* * * LOW HITPOINT WARNING * * *
The river rat completely misses you.
You closely miss the kobold brigand.
The kobold brigand is heavily wounded.
The kobold brigand splashes around in the water.
You hit the kobold brigand but do no damage.
The kobold brigand is heavily wounded.
The river rat bites you but does no damage.
The kobold brigand hits you with a +0 short sword!
* * * LOW HITPOINT WARNING * * *
You closely miss the kobold brigand.
The kobold brigand is heavily wounded.
The river rat bites you.
You die...

##...≈≈..## .≈
#≈..≈...## ≈
#≈≈.≈.≈≈≈≈###
.≈.≈≈≈...≈≈.##
...#####.≈.≈≈#
≈≈# ##≈.≈.# .#
##.≈.# #.≈≈#
#≈≈@# ##≈Kr##
#≈≈≈≈≈#
#≈###≈# #≈ #≈#
#≈ #≈# ≈.≈ r#≈
#≈ ≈#


You could see a kobold brigand and a river rat.

Vanquished Creatures
  A centaur skeleton (D:4)
  A hound zombie (D:4)
  3 adders
  3 dart slugs
  6 orcs (D:3)
  7 bats
  5 endoplasms
  3 giant cockroaches
  4 goblins
  9 hobgoblins
  2 jackals (D:1)
  A quokka (D:3)
  2 ball pythons
  3 frilled lizards
  2 kobolds
  3 rats
55 creatures vanquished.

Notes
Turn   | Place    | Note
-------+----------+-------------------------------------------
     0 | Abyss:1  | porpoise the Formicid Abyssal Knight began the quest for
                  | the Orb.
     0 | Abyss:1  | Reached XP level 1. HP: 18/18 MP: 2/2
    60 | Abyss:1  | Noticed a cacodemon
    61 | D:1      | Escaped the Abyss
   468 | D:1      | Reached XP level 2. HP: 24/24 MP: 3/3
   867 | D:2      | Reached * piety under Lugonu
  1115 | D:2      | Reached XP level 3. HP: 14/30 MP: 4/4
  1313 | D:2      | Reached skill level 4 in Fighting
  1920 | D:2      | Found a faded altar of an unknown god.
  2145 | D:2      | Reached XP level 4. HP: 37/37 MP: 5/5
  2675 | D:3      | Reached ** piety under Lugonu
  3096 | D:4      | Reached XP level 5. HP: 37/43 MP: 6/6
  3162 | D:4      | Reached skill level 5 in Fighting
  3165 | D:4      | Found a glowing drain.
  3271 | Sewer    | Entered a sewer
  3334 | Sewer    | Noticed a kobold brigand
  3359 | Sewer    | HP: 2/44 [kobold brigand/+0 short sword (8)]
  3360 | Sewer    | Slain by a river rat

Illustrated notes

Levels and vault maps discovered:
D:1:      dpeg_arrival_arbitrary_b, layout_loops_ring, serial_glass,
          glass_columns_b, glass_columns_a, serial_park_tiny_1
D:2:      minmay_chambers_of_ones, layout_basic, basic_ecumenical_altar,
          chequers_serial_rivers_micro_b, minmay_misc_feat_tiny, dk_vineyard_2
D:3:      layout_basic
D:4:      layout_loops_cross, minmay_temple_entry_hall, portal_sewer_entry_d,
          uniq_natasha
Sewer:    sewer_co_tree

Skill      XL: |  1  2  3  4  5 |
---------------+----------------+-----
Fighting       | 4 5 |  5.0
Polearms       | 3 4 |  4.0
Armour         | |  2.1
Dodging        | |  0.8
Invocations    | |  2.1

Action                   |  1- 3 |  4- 6 || total
-------------------------+-------+-------++-------
Melee: Spear             |   106 |   128 ||   234
Invok: Depart the Abyss  |     1 |       ||     1
  Use: Scroll            |       |     8 ||     8
 Stab: Sleeping          |     1 |       ||     1
Armor: Leather armour    |     8 |       ||     8
       Ring mail         |     9 |    40 ||    49
Dodge: Dodged            |    44 |    52 ||    96

Table legend: (Time is in decaauts)
 A = Elapsed time spent in this place.
 B = Non-inter-level travel time spent in this place.
 C = Inter-level travel time spent in this place.
 D = Time resting spent in this place.
 E = Time spent auto-exploring this place.
 F = Levels seen in this place.
 G = Mean time per level.
                   A        B        C        D        E       F      G
               +--------+--------+--------+--------+--------+-----+--------+
         Total |   3358 |   3282 |     76 |    672 |   2058 |   6 |  559.7 |
       Dungeon |   3203 |   3127 |     76 |    632 |   1978 |   4 |  800.8 |
         Abyss |     61 |     61 |      0 |      0 |     52 |   1 |   61.0 |
         Sewer |     94 |     94 |      0 |     40 |     28 |   1 |   94.0 |
               +--------+--------+--------+--------+--------+-----+--------+

Top non-repeatable levels by time:
     D:2: 1446 daAuts
     D:3: 823 daAuts
     D:1: 731 daAuts
     D:4: 201 daAuts
   Sewer: 94 daAuts
 Abyss:1: 61 daAuts
